 Dungeon Crawl Stone Soup version 0.21-a0-630-g344d351 (webtiles) character file.

62299 theanonym the Black Belt (level 15, -2/107 HPs)
             Began as an Octopode Transmuter on Dec 26, 2017.
             Was a High Priest of Cheibriados.
             Slain by a dire elephant (14 damage)
             ... on level 6 of the Lair of Beasts.
             The game lasted 01:40:47 (30556 turns).

theanonym the Black Belt (Octopode Transmuter)     Turns: 30556, Time: 01:40:48

Health: -2/107     AC:  2    Str: 23    XL:     15   Next: 5%
Magic:  4/21       EV: 34    Int: 34    God:    Cheibriados [*****.]
Gold:   1339       SH:  0    Dex: 31    Spells: 4/22 levels left

rFire    . . .     SeeInvis .     - Unarmed
rCold    . . .     Gourm    .   (shield currently unavailable)
rNeg     + . .     Faith    .   (helmet currently unavailable)
rPois    .         Spirit   .   q - amulet of regeneration {Regen+}
rElec    .         Reflect  .   P - ring of wizardry {Wiz}
rCorr    +         Harm     .   L - ring of resist corrosion {rCorr}
MR       ++...                  Q - ring of poison resistance {rPoisrPois}
Stlth    ++++++....             y - ring of protection from magic {MR+}
HPRegen  0.67/turn              J - ring of positive energy {rN+rN+}
MPRegen  0.17/turn              T - ring of stealth {Stlth+}
                                (no ring)
                                (no ring)

@: spider-form, very slow
A: tiny, almost no armour, stealthy swim, (amphibious), 8 rings, (constrict 8)
a: End Transformation, Bend Time, Temporal Distortion, Slouch, Step From Time,
Renounce Religion


Innate Abilities, Weirdness & Mutations

You cannot wear most types of armour.
You are very stealthy in the water. (Stealth+)
((You are amphibious.))
You can wear up to eight rings at the same time.
((You can use your tentacles to constrict eight enemies at once.))
((Your skin changes colour to match your surroundings (Stealth+).))
((Your rubbery body absorbs attacks. (AC +1, EV +1)))


   Skills:
 + Level 11.5 Fighting
 + Level 10.3 Dodging
 - Level 8.0 Stealth
 + Level 15.5 Unarmed Combat
 + Level 4.4 Spellcasting
 + Level 7.4 Transmutations
 - Level 5.0 Ice Magic
 - Level 5.0 Poison Magic
 - Level 8.4 Invocations


You had 4 spell levels left.
You knew the following spells:

 Your Spells              Type           Power        Failure   Level  Hunger
a - Beastly Appendage     Tmut           ######       1%          1    None
b - Sticks to Snakes      Tmut           ######..     1%          2    None
c - Spider Form           Tmut/Pois      #####.....   2%          3    None
d - Ice Form              Ice/Tmut       ######..     4%          4    ###....
e - Passwall              Tmut/Erth      ####......   2%          2    None
f - Mephitic Cloud        Conj/Pois/Air  ###.....     8%          3    None
g - Blink                 Tloc           N/A          8%          2    None
q - Apportation           Tloc           #.....       6%          1    None

Skill      XL: |  1  2  3  4  5  6  7  8  9 10 11 12 13 14 |
---------------+-------------------------------------------+-----
Unarmed Combat | 5 6 7 9 11 12 13 14 15 | 15.5
Transmutations | 3 4 5 7 |  7.4
Poison Magic   | 2 3 4 5 |  5.0
Fighting       | 2 3 5 6 7 9 10 11 | 11.5
Stealth        | 4 5 6 7 8 |  8.0
Invocations    | 1 3 5 7 8 |  8.4
Spellcasting   | 3 4 |  4.4
Dodging        | 4 5 7 8 10 | 10.3
Ice Magic      | 2 4 5 |  5.0

Action                   |  1- 3 |  4- 6 |  7- 9 | 10-12 | 13-15 || total
-------------------------+-------+-------+-------+-------+-------++-------
Melee: Unarmed           |    73 |    62 |   333 |   478 |   497 ||  1443
       Constrict         |    20 |    11 |    39 |    18 |    13 ||   101
       Tentacles         |     9 |     8 |    23 |    24 |    28 ||    92
       Kick              |     2 |     7 |    35 |       |       ||    44
       Punch             |     2 |     3 |     7 |     7 |    19 ||    38
Throw: Javelin           |       |       |     5 |    24 |     6 ||    35
 Cast: Beastly Appendage |    11 |     3 |    16 |       |       ||    30
       Spider Form       |     1 |     3 |    22 |    35 |    32 ||    93
       Sticks to Snakes  |       |     4 |    14 |    15 |     1 ||    34
       Ice Form          |       |       |    11 |    25 |    13 ||    49
       Apportation       |       |       |       |     7 |     1 ||     8
       Mephitic Cloud    |       |       |       |     1 |    17 ||    18
       Blink             |       |       |       |       |     1 ||     1
Invok: Bend Time         |       |       |     3 |    11 |     9 ||    23
       Slouch            |       |       |       |     2 |     6 ||     8
       Temporal Distorti |       |       |       |       |     5 ||     5
Evoke: Wand              |       |       |     4 |     4 |       ||     8
  Use: Scroll            |       |       |    10 |    20 |     3 ||    33
       Potion            |       |       |     2 |     1 |     1 ||     4
 Stab: Sleeping          |     4 |     3 |     9 |     6 |    20 ||    42
       Distracted        |       |     1 |     3 |     4 |     2 ||    10
       Confused          |       |       |       |     1 |    18 ||    19
       Petrified         |       |       |       |       |     9 ||     9
  Eat: Ration            |     1 |       |     6 |     3 |     4 ||    14
       Chunk             |     1 |     4 |     8 |    15 |     9 ||    37
Armor: Skin              |     8 |     2 |    21 |    26 |    34 ||    91
Dodge: Dodged            |    53 |    28 |   189 |   281 |   365 ||   916

Inventory:

Missiles
 a - 209 arrows
 l - 2 throwing nets
 I - 10 javelins (quivered)
Armour
 G - a +2 hat (melded)
   (You found it on level 8 of the Dungeon)
Jewellery
 c - an uncursed ring of ice {rC+ rF-}
   (You found it on level 1 of the Lair of Beasts)
 q - an amulet of regeneration (around neck) {Regen+}
   (You found it on level 1 of the Lair of Beasts)
 y - a ring of protection from magic (on tentacle) {MR+}
   (You bought it in a shop on level 2 of the Orcish Mines)
 C - an uncursed ring of fire {rF+ rC-}
   (You took it off a gnoll on level 8 of the Dungeon)
 J - a ring of positive energy (on tentacle) {rN+rN+}
   (You found it on level 6 of the Lair of Beasts)
 L - a ring of resist corrosion (right front leg) {rCorr}
   (You found it on level 7 of the Dungeon)
 P - a ring of wizardry (left front leg) {Wiz}
   (You found it on level 4 of the Dungeon)
 Q - a ring of poison resistance (on tentacle) {rPoisrPois}
   (You found it on level 2 of the Lair of Beasts)
 T - a ring of stealth (on tentacle) {Stlth+}
   (You bought it in a shop on level 2 of the Orcish Mines)
Wands
 d - a wand of digging (28)
   (You took it off Dowan on level 6 of the Dungeon)
 i - a wand of iceblast (9)
   (You found it on level 6 of the Lair of Beasts)
 k - a wand of disintegration (7)
   (You took it off an orc on level 9 of the Dungeon)
 v - a wand of acid (13)
   (You found it on level 10 of the Dungeon)
 B - a wand of polymorph (49)
   (You found it on level 8 of the Dungeon)
 M - a wand of paralysis (17)
   (You found it on level 6 of the Lair of Beasts)
Scrolls
 b - a scroll of blinking
 f - 5 scrolls of fog
 h - 10 scrolls of remove curse
 t - 2 scrolls of teleportation {!r}
 u - 2 scrolls of enchant armour
 E - 4 scrolls of amnesia
 K - 2 scrolls of fear
 N - 4 scrolls of immolation
Potions
 g - 4 potions of resistance {rF+ rC+}
 j - 2 potions of brilliance
 m - a potion of ambrosia
 o - 2 potions of might
 p - 2 potions of lignification {unknown}
 r - 3 potions of agility {unknown}
 w - 5 potions of curing
 x - 4 potions of cancellation
 z - 3 potions of mutation
 A - a potion of berserk rage {unknown}
 F - a potion of degeneration {unknown}
 H - a potion of flight {unknown}
 R - a potion of heal wounds {unknown}
Books
 n - a book of Geomancy
   (You found it on level 9 of the Dungeon)
 s - a book of Minor Magic
   (You found it on level 2 of the Lair of Beasts)
 D - a book of Cantrips
   (You found it on level 8 of the Dungeon)
Miscellaneous
 S - a fan of gales
   (You found it on level 11 of the Dungeon)
Comestibles
 e - 28 rations


You were on level 6 of the Lair of Beasts.
You worshipped Cheibriados.
Cheibriados was extremely pleased with you.
You were full.
You were a venomous arachnid creature.
You visited 3 branches of the dungeon, and saw 19 of its levels.
You also visited: Ossuary and Ice Cave.

You collected 2052 gold pieces.
You spent 713 gold pieces at shops.

Dungeon Overview and Level Annotations

Branches:
Dungeon (11/15)            Temple (0/1) D:5            Lair (6/6) D:9
  Swamp (0/4) Lair:4        Snake (0/4) Lair:2        Slime (0/5) Lair:6
    Orc (2/2) D:11            Elf (0/3) Orc:2

Altars:
Cheibriados
Dithmenos
Fedhas
Kikubaaqudgha
Makhleb
Nemelex Xobeh
Sif Muna
Trog
Vehumet
Wu Jian
Yredelemnul
Lugonu

Shops:
D:10 *   Orc:2 ==:}

Annotations:
D:7 2 transporters
Lair:2 exclusion: naga


Message History

The helpless death yak fails to defend itself.
You hit the death yak but do no damage.
The helpless death yak fails to defend itself.
You maul the death yak!!!
The death yak looks as sick as possible!
The death yak is no longer moving slowly.
The death yak misses you. The flow of time bends around you.
Cheibriados rebukes the death yak.
The death yak seems to slow down.
Cheibriados rebukes the deep troll shaman.
The deep troll shaman seems to slow down.
Cheibriados rebukes the death yak.
You feel slightly less full. The deep troll shaman bites you!
The deep troll shaman misses you.
The deep troll shaman completely misses you.
You take 10 damage, and have 73/107 hp.
You now have 10/21 mp.
The helpless death yak fails to defend itself.
You hit the death yak.
The death yak looks as sick as possible!
The death yak gores you!
You take 17 damage, and have 56/107 hp.
The helpless death yak fails to defend itself.
You maul the death yak!!!
You kill the death yak!
The deep troll shaman bites you!!
* * * LOW HITPOINT WARNING * * *
The deep troll shaman completely misses you. x2
You take 23 damage, and have 33/107 hp.
MASSIVE DAMAGE!!
You blink.
You now have 9/21 mp.
Aim: a deep troll shaman (slow)
The ball explodes into a vile cloud!
The stinking cloud engulfs the deep troll shaman.
The stinking cloud engulfs the death yak.
The stinking cloud engulfs the plant.
The plant appears unharmed.
The deep troll shaman is engulfed in noxious fumes.
The deep troll shaman appears confused.
The death yak is engulfed in noxious fumes.
You now have 6/21 mp.
You bite the death yak!
The deep troll shaman is engulfed in noxious fumes.
The deep troll shaman appears confused.
The deep troll shaman bites the death yak but does no damage.
The deep troll shaman claws the death yak!!
The deep troll shaman claws the death yak.
You maul the death yak!!
The death yak looks as sick as possible!
The death yak is engulfed in noxious fumes.
The death yak appears confused.
Okay, then.
Unknown command.
Unknown command.
The death yak is engulfed in noxious fumes.
The death yak gores the deep troll shaman!
The deep troll shaman is engulfed in noxious fumes.
The deep troll shaman appears confused.
You strike the helpless deep troll shaman from behind!
You bite the deep troll shaman!
The deep troll shaman looks as sick as possible!
You strike the helpless deep troll shaman from behind!
You maul the deep troll shaman!!
You kill the deep troll shaman!
Cheibriados appreciates the change of pace.
You bite the death yak!
You kill the death yak!
Cheibriados appreciates the change of pace.
Okay, then.
Here: a dire elephant The floor.
Unknown command.
The ball explodes into a vile cloud!
The stinking cloud engulfs the dire elephant.
* * * LOW MAGIC WARNING * * *
You now have 5/21 mp.
The ball explodes into a vile cloud!
The stinking cloud engulfs the dire elephant.
* * * LOW MAGIC WARNING * * *
The dire elephant is engulfed in noxious fumes.
You now have 2/21 mp.
The dire elephant is engulfed in noxious fumes.
The dire elephant appears confused.
You hit the dire elephant but do no damage.
The dire elephant is poisoned.
You maul the dire elephant!!!
The dire elephant looks as sick as possible!
The dire elephant completely misses you. x2
You maul the dire elephant!!
The dire elephant looks as sick as possible!
You regained 2 hp, and now have 48/107 hp.
The dire elephant seems less confused.
The dire elephant completely misses you.
The dire elephant barely misses you. The dire elephant tramples you!!!
* * * LOW HITPOINT WARNING * * *
You stumble backwards!
You take 36 damage, and have 12/107 hp.
MASSIVE DAMAGE!!
You hit the dire elephant.
The dire elephant completely misses you.
The dire elephant trunk-slaps you!
You die...

..##.....#.8.# ##..#P.P#
...#.....#....###...#.P.#
.#.##....##.8.......#...#
######....#........##..##
##...###......#..##
#.....###....#.##
##......##.....##
##......##.†..P#
###.....sY..P.#
########P..## ###.# ###


You could see a dire elephant.

Notes
Turn   | Place    | Note
-------+----------+-------------------------------------------
     0 | D:1      | theanonym the Octopode Transmuter began the quest for the Orb.
     0 | D:1      | Reached XP level 1. HP: 13/13 MP: 3/3
    44 | D:1      | HP: 6/13 [goblin/club (3)]
   340 | D:1      | Reached XP level 2. HP: 14/18 MP: 3/5
   683 | D:1      | Learned a level 2 spell: Sticks to Snakes
   822 | D:1      | HP: 3/18 [dart slug/slug dart (7)]
   824 | D:1      | HP: 1/18 [dart slug (2)]
  1441 | D:2      | Reached XP level 3. HP: 23/23 MP: 6/6
  1506 | D:2      | Learned a level 3 spell: Spider Form
  1982 | D:2      | Found an ancient bone altar of Kikubaaqudgha.
  2134 | D:2      | Reached skill level 4 in Unarmed Combat
  2265 | D:3      | Noticed Sigmund
  2278 | D:3      | HP: 8/23 [Sigmund/scythe (8)]
  2279 | D:3      | Killed Sigmund
  2279 | D:3      | Reached skill level 5 in Unarmed Combat
  2279 | D:3      | Reached skill level 3 in Transmutations
  2279 | D:3      | Reached skill level 2 in Poison Magic
  2279 | D:3      | Reached XP level 4. HP: 10/28 MP: 4/7
  2279 | D:3      | Reached XP level 5. HP: 11/33 MP: 4/8
  2758 | D:3      | Reached XP level 6. HP: 38/38 MP: 9/9
  3005 | D:3      | HP: 17/38 [orc wizard/magic dart (4)]
  3356 | D:4      | Found a sand-covered staircase.
  3488 | Ossuary  | Entered an ossuary
  3526 | Ossuary  | Reached skill level 3 in Poison Magic
  3535 | Ossuary  | HP: 18/38 [elf zombie (3)]
  3543 | Ossuary  | HP: 12/38 [elf zombie (6)]
  3544 | Ossuary  | HP: 4/38 [elf zombie (7)]
  3552 | Ossuary  | Reached skill level 4 in Transmutations
  3552 | Ossuary  | Reached XP level 7. HP: 4/43 MP: 2/10
  3847 | Ossuary  | Reached skill level 6 in Unarmed Combat
  4083 | Ossuary  | Reached skill level 2 in Fighting
  4690 | D:4      | Found a snail-covered altar of Cheibriados.
  4822 | D:4      | Found a sparkling altar of Nemelex Xobeh.
  4822 | D:4      | Found a bloodstained altar of Trog.
  4823 | D:4      | Found a basalt altar of Yredelemnul.
  4824 | D:4      | Found a deep blue altar of Sif Muna.
  4825 | D:4      | Found a blossoming altar of Fedhas.
  4827 | D:4      | Became a worshipper of Cheibriados the Contemplative
  4847 | D:4      | Learned a level 4 spell: Ice Form
  5065 | D:4      | HP: 22/54 [phantom (7)]
  5071 | D:4      | HP: 20/54 [phantom (4)]
  5422 | D:4      | Reached XP level 8. HP: 27/51 MP: 9/11
  5773 | D:5      | Entered Level 5 of the Dungeon
  5949 | D:5      | Reached skill level 3 in Fighting
  5949 | D:5      | Reached skill level 1 in Stealth
  5949 | D:5      | Reached skill level 7 in Unarmed Combat
  6337 | D:5      | HP: 21/52 [ogre/giant club (31)]
  6343 | D:5      | HP: 21/52 [adder (1)]
  6538 | D:5      | Found a burning altar of Makhleb.
  6603 | D:5      | Reached skill level 5 in Transmutations
  6768 | D:5      | Found a staircase to the Ecumenical Temple.
  6965 | D:5      | Reached skill level 2 in Stealth
  6965 | D:5      | Reached skill level 4 in Poison Magic
  7400 | D:6      | Reached * piety under Cheibriados
  7508 | D:6      | Noticed Dowan
  7640 | D:6      | Found a shadowy altar of Dithmenos.
  7994 | D:6      | Reached skill level 3 in Stealth
  8023 | D:6      | Noticed Duvessa
  8031 | D:6      | HP: 25/52 [Duvessa/short sword (10)]
  8035 | D:6      | Killed Dowan
  8293 | D:6      | Killed Duvessa
  8293 | D:6      | Reached skill level 1 in Invocations
  8385 | D:6      | Noticed Prince Ribbit
  8575 | D:6      | Noticed Edmund
  8782 | D:7      | Found a transporter.
  8837 | D:7      | Reached skill level 4 in Stealth
  9069 | D:7      | Found an ornate altar of the Wu Jian Council.
  9082 | D:7      | Reached XP level 9. HP: 58/58 MP: 8/12
  9118 | D:7      | Reached skill level 4 in Fighting
  9126 | D:7      | Reached skill level 8 in Unarmed Combat
  9374 | D:7      | Noticed a kobold demonologist
  9386 | D:7      | Found a transporter.
  9428 | D:7      | Noticed a kobold demonologist
  9453 | D:7      | Reached skill level 5 in Stealth
  9453 | D:7      | Reached skill level 2 in Invocations
  9965 | D:7      | HP: 25/58 [orc warrior/mace (16)]
  9968 | D:7      | Reached skill level 5 in Poison Magic
 10647 | D:8      | HP: 27/58 [ogre/giant spiked club (31)]
 11003 | D:8      | Reached ** piety under Cheibriados
 11003 | D:8      | Reached skill level 3 in Spellcasting
 11009 | D:8      | Reached skill level 3 in Invocations
 11283 | D:8      | Reached skill level 5 in Fighting
 11283 | D:8      | Reached skill level 9 in Unarmed Combat
 11323 | D:8      | Noticed Pikel
 11335 | D:8      | Killed Pikel
 11335 | D:8      | Reached XP level 10. HP: 41/66 MP: 10/14
 11557 | D:8      | Found a radiant altar of Vehumet.
 12045 | D:8      | Identified a scroll of acquirement
 12115 | D:8      | Noticed Joseph
 12130 | D:8      | HP: 27/68 [Joseph/quarterstaff (10)]
 12134 | D:8      | HP: 3/68 [Joseph/quarterstaff (13)]
 12135 | D:8      | Killed Joseph
 12135 | D:8      | Reached skill level 6 in Fighting
 12135 | D:8      | Reached skill level 10 in Unarmed Combat
 12660 | D:9      | Found a corrupted altar of Lugonu.
 12869 | D:9      | Reached *** piety under Cheibriados
 12878 | D:9      | Reached skill level 3 in Dodging
 12984 | D:9      | Found a transporter.
 13170 | D:9      | HP: 34/68 [poisoned by a water moccasin]
 13177 | D:9      | HP: 33/68 [poisoned by a water moccasin]
 13184 | D:9      | HP: 33/68 [poisoned by a water moccasin]
 13190 | D:9      | HP: 33/68 [poisoned by a water moccasin]
 13196 | D:9      | HP: 33/68 [poisoned by a water moccasin]
 13202 | D:9      | HP: 34/68 [poisoned by a water moccasin]
 13242 | D:9      | HP: 28/68 [gnoll/spear (7)]
 13283 | D:9      | HP: 32/68 [centaur (6)]
 13547 | D:9      | Found a staircase to the Lair.
 14130 | Lair:1   | Entered Level 1 of the Lair of Beasts
 14166 | Lair:1   | Noticed a spiny frog
 14177 | Lair:1   | Killed a spiny frog
 14177 | Lair:1   | Reached skill level 4 in Invocations
 14201 | Lair:1   | Noticed a black mamba
 14322 | Lair:1   | Reached **** piety under Cheibriados
 14325 | Lair:1   | Reached skill level 6 in Stealth
 14329 | Lair:1   | HP: 41/82 [poisoned by a killer bee]
 14334 | Lair:1   | Reached skill level 4 in Dodging
 14334 | Lair:1   | HP: 21/82 [poisoned by a killer bee]
 14335 | Lair:1   | Noticed a spiny frog
 14335 | Lair:1   | Noticed a spiny frog
 14340 | Lair:1   | HP: 16/82 [poisoned by a killer bee]
 14346 | Lair:1   | HP: 14/82 [poisoned by a killer bee]
 14351 | Lair:1   | HP: 14/82 [poisoned by a killer bee]
 14357 | Lair:1   | HP: 13/82 [poisoned by a killer bee]
 14366 | Lair:1   | HP: 10/69 [poisoned by a killer bee]
 14372 | Lair:1   | HP: 10/69 [poisoned by a killer bee]
 14378 | Lair:1   | HP: 10/69 [poisoned by a killer bee]
 14384 | Lair:1   | HP: 11/69 [poisoned by a killer bee]
 14667 | Lair:1   | Killed a spiny frog
 14667 | Lair:1   | Reached skill level 5 in Invocations
 14673 | Lair:1   | Killed a spiny frog
 14673 | Lair:1   | Reached skill level 11 in Unarmed Combat
 14673 | Lair:1   | Reached XP level 11. HP: 49/74 MP: 10/15
 14682 | Lair:1   | HP: 44/88 [poisoned by a spiny frog]
 14687 | Lair:1   | HP: 43/88 [poisoned by a spiny frog]
 14692 | Lair:1   | HP: 43/88 [poisoned by a spiny frog]
 14699 | Lair:1   | HP: 42/88 [poisoned by a spiny frog]
 14704 | Lair:1   | HP: 42/88 [poisoned by a spiny frog]
 14710 | Lair:1   | HP: 43/88 [poisoned by a spiny frog]
 14716 | Lair:1   | HP: 43/88 [poisoned by a spiny frog]
 14722 | Lair:1   | HP: 36/74 [poisoned by a spiny frog]
 14925 | Lair:1   | Reached skill level 7 in Fighting
 15381 | Lair:1   | Reached skill level 6 in Invocations
 15520 | Lair:1   | Learned a level 2 spell: Passwall
 15671 | Lair:1   | HP: 43/90 [black mamba (13)]
 15677 | Lair:1   | HP: 41/90 [poisoned by a black mamba]
 15683 | Lair:1   | HP: 39/90 [poisoned by a black mamba]
 15688 | Lair:1   | HP: 38/90 [poisoned by a black mamba]
 15696 | Lair:1   | HP: 38/90 [poisoned by a black mamba]
 15706 | Lair:1   | HP: 32/75 [poisoned by a black mamba]
 15712 | Lair:1   | HP: 32/75 [poisoned by a black mamba]
 15718 | Lair:1   | HP: 33/75 [poisoned by a black mamba]
 16274 | Lair:1   | HP: 44/90 [killer bee (7)]
 16279 | Lair:1   | HP: 38/90 [poisoned by a killer bee]
 16285 | Lair:1   | HP: 36/90 [poisoned by a killer bee]
 16290 | Lair:1   | HP: 35/90 [poisoned by a killer bee]
 16296 | Lair:1   | HP: 35/90 [poisoned by a killer bee]
 16305 | Lair:1   | HP: 35/90 [poisoned by a killer bee]
 16311 | Lair:1   | HP: 36/90 [poisoned by a killer bee]
 16318 | Lair:1   | HP: 30/75 [poisoned by a killer bee]
 17093 | Lair:2   | Reached skill level 5 in Dodging
 17155 | Lair:2   | Learned a level 1 spell: Apportation
 17163 | Lair:2   | Learned a level 2 spell: Blink
 17290 | Lair:2   | Found a staircase to the Snake Pit.
 18164 | Lair:3   | Reached skill level 7 in Invocations
 18296 | Lair:3   | Reached ***** piety under Cheibriados
 18406 | Lair:3   | Reached skill level 1 in Ice Magic
 18540 | Lair:3   | HP: 29/76 [wyvern (20)]
 19405 | Lair:3   | Reached skill level 12 in Unarmed Combat
 19669 | Lair:3   | Reached skill level 4 in Spellcasting
 19669 | Lair:3   | Reached skill level 2 in Ice Magic
 19669 | Lair:3   | Reached XP level 12. HP: 82/82 MP: 11/18
 19683 | Lair:3   | Reached skill level 8 in Fighting
 19803 | Lair:4   | HP: 47/98 [porcupine (16)]
 19999 | Lair:4   | Learned a level 3 spell: Mephitic Cloud
 20218 | Lair:4   | Found a staircase to the Swamp.
 20352 | Lair:4   | Reached skill level 6 in Dodging
 20450 | Lair:4   | HP: 39/83 [basilisk (12)]
 20946 | Lair:4   | Reached skill level 3 in Ice Magic
 21302 | Lair:5   | Noticed a five-headed hydra
 21309 | Lair:5   | Killed a five-headed hydra
 21309 | Lair:5   | Reached skill level 8 in Invocations
 21713 | Lair:5   | Noticed a death yak
 21713 | Lair:5   | Noticed a death yak
 22347 | Lair:5   | Noticed Urug
 22412 | Lair:5   | Reached skill level 4 in Ice Magic
 22460 | Lair:5   | Reached skill level 7 in Stealth
 22508 | Lair:5   | Noticed a death yak
 23111 | D:6      | Killed Edmund
 23117 | D:6      | Killed Prince Ribbit
 23457 | D:9      | Reached skill level 13 in Unarmed Combat
 23466 | D:9      | HP: 50/100 [something (4)]
 23469 | D:9      | HP: 19/100 [something (7)]
 23739 | Lair:5   | Noticed a death yak
 23739 | Lair:5   | Noticed a death yak
 23851 | Lair:5   | Killed a death yak
 23851 | Lair:5   | Reached skill level 7 in Dodging
 23861 | Lair:5   | Killed a death yak
 23861 | Lair:5   | Reached skill level 9 in Fighting
 23868 | Lair:5   | HP: 40/85 [death yak (16)]
 23870 | Lair:5   | HP: 15/85 [death yak (26)]
 23872 | Lair:5   | Killed a death yak
 23872 | Lair:5   | Reached XP level 13. HP: 17/90 MP: 5/19
 23877 | Lair:5   | Reached skill level 8 in Stealth
 23878 | Lair:5   | HP: 14/90 [death yak (7)]
 24042 | Lair:6   | Entered Level 6 of the Lair of Beasts
 24111 | Lair:5   | HP: 44/90 [hippogriff (3)]
 24116 | Lair:5   | HP: 26/90 [hell hound (5)]
 24292 | Lair:5   | HP: 46/108 [four-headed hydra (10)]
 24395 | Lair:6   | HP: 43/90 [hippogriff (8)]
 24530 | Lair:6   | Reached skill level 8 in Dodging
 24673 | Lair:6   | Reached skill level 14 in Unarmed Combat
 25391 | Lair:6   | Found a staircase to the Slime Pits.
 25496 | Lair:6   | Reached skill level 10 in Fighting
 25682 | Lair:6   | Noticed a dire elephant
 25915 | Lair:5   | Killed Urug
 26095 | D:10     | Entered Level 10 of the Dungeon
 26124 | D:10     | Reached skill level 5 in Ice Magic
 26275 | D:10     | Found Ygepp's General Store.
 26278 | D:10     | Bought a potion of might for 52 gold pieces
 26278 | D:10     | Bought a scroll of teleportation for 39 gold pieces
 26465 | D:10     | Reached XP level 14. HP: 95/99 MP: 20/20
 27171 | D:11     | Reached skill level 9 in Dodging
 27340 | D:11     | Found a staircase to the Orcish Mines.
 28131 | Orc:1    | Entered Level 1 of the Orcish Mines
 28484 | Orc:2    | Entered Level 2 of the Orcish Mines
 28516 | Orc:1    | Found a frozen archway.
 28555 | Orc:1    | Reached skill level 15 in Unarmed Combat
 28583 | IceCv    | Entered an ice cave
 29252 | Orc:2    | Reached ****** piety under Cheibriados
 29359 | Orc:2    | Found a bloodstained altar of Trog.
 29596 | Orc:2    | Found Naimy's Jewellery Emporium.
 29596 | Orc:2    | Found Luar's Book Shop.
 29596 | Orc:2    | Found Iplo's Jewellery Shop.
 29596 | Orc:2    | Found Istrifaitz's Gadget Shoppe.
 29599 | Orc:2    | Reached skill level 6 in Transmutations
 29600 | Orc:2    | Reached skill level 11 in Fighting
 29603 | Orc:2    | Reached skill level 10 in Dodging
 29605 | Orc:2    | Reached skill level 7 in Transmutations
 29757 | Orc:2    | Bought an uncursed ring of protection from magic for 325 gold pieces
 29759 | Orc:2    | Bought an uncursed ring of stealth for 297 gold pieces
 29799 | Orc:2    | Found a staircase to the Elven Halls.
 30525 | Lair:6   | Reached XP level 15. HP: 104/107 MP: 15/21
 30536 | Lair:6   | HP: 33/107 [deep troll shaman (23)]
 30555 | Lair:6   | HP: 12/107 [dire elephant (37)]
 30556 | Lair:6   | Slain by a dire elephant

Vanquished Creatures
  A catoblepas (Lair:6)
  2 hydras (Lair:5)
  14 two-headed ogres
  4 ogre magi (Orc:2)
  A deep troll shaman (Lair:6)
  10 death yaks
  Urug (Lair:5)
  An unseen horror (D:10)
  A necromancer (IceCv)
  Pikel (D:8)
  A manticore (D:11)
  An ugly thing (D:11)
  3 elephants (Lair:6)
  Joseph (D:8)
  3 ice statues (IceCv)
  2 cyclopes
  8 black mambas
  A torpor snail (Lair:5)
  4 rime drakes (Lair:6)
  11 spiny frogs
  7 ice devils (IceCv)
  3 komodo dragons
  A queen bee (Lair:1)
  A troll (D:11)
  A polar bear (Lair:6)
  Prince Ribbit (D:6)
  17 blink frogs
  2 dream sheep (Lair:5)
  11 hippogriffs
  Sigmund (D:3)
  16 yaks
  5 basilisks
  10 wyverns
  2 hungry ghosts
  3 hogs (D:10)
  A human (D:10)
  Edmund (D:6)
  12 water moccasins
  4 hell hounds
  Duvessa (D:6)
  14 orc warriors
  10 porcupines
  11 ice beasts
  2 black bears
  28 ogres
  A sky beast (D:8)
  2 phantoms
  6 wolves (Lair:6)
  3 centaurs
  10 crocodiles
  3 small abominations (D:9)
  2 elf zombies (Ossuary)
  5 bullfrogs
  A wyvern zombie (D:8)
  2 scorpions
  2 wyvern skeletons
  Dowan (D:6)
  30 killer bees
  3 howler monkeys (D:9)
  5 wights (D:9)
  2 jellies
  6 crimson imps
  A bullfrog zombie (D:11)
  2 quasits
  5 centaur zombies
  2 draconian simulacra (IceCv)
  2 hounds
  21 orc wizards
  A human zombie (Ossuary)
  12 orc priests
  2 bullfrog skeletons
  3 centaur skeletons
  2 iguanas
  4 worker ants
  3 troll simulacra (IceCv)
  A killer bee zombie (D:7)
  A centaur simulacrum (IceCv)
  3 hound zombies (Ossuary)
  2 mummies (Ossuary)
  3 worker ant zombies
  7 gnolls
  4 ogre simulacra (IceCv)
  8 adders
  3 shadow imps
  An ooze (D:1)
  3 adder skeletons
  A worm (D:2)
  3 dart slugs
  10 leopard geckos
  57 orcs
  2 ball pythons
  2 bat zombies (D:2)
  3 giant cockroaches
  4 goblins
  4 hobgoblins
  2 jackals (D:6)
  A quokka (D:5)
  4 bats
  3 frilled lizards
  A goblin zombie (Ossuary)
  3 hobgoblin zombies (Ossuary)
  4 jackal zombies
  4 kobolds
  7 kobold zombies (Ossuary)
  2 orc zombies (Ossuary)
  4 quokka zombies (Ossuary)
  3 rats
  6 rat zombies (Ossuary)
  A plant (Lair:6)
547 creatures vanquished.

Vanquished Creatures (collateral kills)
  A blink frog (Lair:3)
  2 basilisks
  An elf zombie (Ossuary)
  A mummy (Ossuary)
  A jackal zombie (Ossuary)
6 creatures vanquished.

Vanquished Creatures (others)
  A slave (D:8)
  A bush (Lair:6)
  13 fungi
  8 plants
23 creatures vanquished.

Grand Total: 576 creatures vanquished

Table legend:
 A = Turns spent in this place as a percentage of turns spent in the entire game.
 B = Non-inter-level travel turns spent in this place as a percentage of non-inter-level travel turns spent in the entire game.
 C = Inter-level travel turns spent in this place as a percentage of turns spent in this place.
 D = Turns resting spent in this place as a percentage of non-inter-level travel turns spent in this place.
 E = Turns spent auto-exploring this place as a percentage of non-inter-level travel turns spent in this place.
 F = Non-inter-level travel turns spent in this place divided by the number of levels of this place that you've seen.
                   A       B       C       D       E      F
               +-------+-------+-------+-------+-------+----------------------
         Total | 100.0 | 100.0 |   6.7 |  39.3 |  44.9 | 1357.2
       Dungeon |  51.5 |  51.3 |   7.1 |  40.4 |  46.0 | 1330.3
          Lair |  37.7 |  37.3 |   7.7 |  38.6 |  45.4 | 1772.7
  Orcish Mines |   5.1 |   5.3 |   3.6 |  11.5 |  70.0 | 753.5
       Ossuary |   3.9 |   4.1 |   0.0 |  69.9 |   9.7 | 1180.0
      Ice Cave |   1.8 |   1.9 |   0.0 |  35.2 |  13.6 | 546.0
               +-------+-------+-------+-------+-------+----------------------
